 Dungeon Crawl Stone Soup version 0.29-a0-219-g0a02b1cf4f (webtiles) character file.

Game seed: 16935359749449551885

18 freelancePsychic the Covered (level 2, 0/16 HPs)
             Began as a Kobold Wanderer on Feb 25, 2022.
             Frozen to death by an endoplasm (2 damage)
             ... on level 1 of the Dungeon.
             The game lasted 00:00:52 (435 turns).

freelancePsychic the Covered (Kobold Wanderer)       Turns: 435, Time: 00:00:52

Health: 0/16       AC:  5    Str: 12    XL:     2   Next: 90%
Magic:  3/3        EV: 12    Int: 12    God:
Gold:   29         SH:  0    Dex: 12    Spells: 3/3 levels left

rFire   . . .      SeeInvis .   a - +2 shortbow
rCold   . . .      Faith    .   (shield currently unavailable)
rNeg    . . .      Spirit   .   b - +0 ring mail
rPois   .          Reflect  .   (no helmet)
rElec   .          Harm     .   (no cloak)
rCorr   .          Rampage  .   (no gloves)
Will    .....                   (no boots)
Stlth   ++........              (no amulet)
HPRegen 0.05/turn               (no ring)
MPRegen 0.08/turn               (no ring)

@: no status effects
A: small, no large weapons, nightstalker 3
a: no special abilities


You were on level 1 of the Dungeon.
You visited 1 branch of the dungeon, and saw 1 of its levels.

You collected 29 gold pieces.

Inventory:

Hand Weapons
 a - a +2 shortbow (weapon)
 c - a +0 dagger
Armour
 b - a +0 ring mail (worn)
Scrolls
 d - a scroll of summoning {unknown}
Potions
 e - a potion of heal wounds {unknown}


   Skills:
 + Level 1.1 Fighting
 * Level 1.8 Short Blades
 - Level 2.0 Bows
 - Level 1.1 Throwing
 - Level 3.2 Armour
 + Level 1.6 Stealth
 - Level 1.1 Spellcasting
 - Level 2.0 Transmutations


You had 3 spell levels left.
You didn't know any spells.
Your spell library contained the following spells:

 Spells                   Type           Power      Damage    Failure   Level
 Wereblood                Tmut           5%         N/A       38%         2
 Passwall                 Tmut/Erth      2%         N/A       54%         2


Dungeon Overview and Level Annotations

Branches:
Dungeon (1/15)

Altars:


Innate Abilities, Weirdness & Mutations

You are small and have problems with some larger weapons.
You are completely attuned to the shadows.


Message History

You are too injured to fight recklessly!
You are too injured to fight recklessly!
You are too injured to fight recklessly!
You are too injured to fight recklessly!
You are too injured to fight recklessly!
You are too injured to fight recklessly!
You are too injured to fight recklessly!
You are too injured to fight recklessly!
You are too injured to fight recklessly!
You are too injured to fight recklessly!
You are too injured to fight recklessly!
You are too injured to fight recklessly!
You are too injured to fight recklessly!
You are too injured to fight recklessly!
You are too injured to fight recklessly!
The endoplasm closely misses you. x2
The endoplasm barely misses you.
Shoot: a) +2 shortbow
Press: ? - help, Shift-Dir - straight line, f - endoplasm
Aim: an endoplasm (86% to hit)
You shoot an arrow. The arrow hits the endoplasm.
The endoplasm is lightly wounded.
The endoplasm freezes you.
You are frozen.
Shoot: a) +2 shortbow
Press: ? - help, Shift-Dir - straight line, f/p - endoplasm
Aim: an endoplasm (lightly wounded, 86% to hit)
You shoot an arrow. The arrow hits the endoplasm!
You kill the endoplasm!
The endoplasm freezes you.
You are frozen.
* * * LOW HITPOINT WARNING * * *
Shoot: a) +2 shortbow
Press: ? - help, Shift-Dir - straight line, f - endoplasm
Aim: an endoplasm (86% to hit)
You shoot an arrow. The arrow hits the endoplasm.
The endoplasm is almost dead.
The endoplasm freezes you.
You are frozen.
You die...

.........# .........# .........#
........ .........# ... .......
.........# #.####......
########## #.##........
################ #.##..†$...#
...............######.##.......#
.......†........@J.............+
##############.)##.##.####†....#
##.......# #....## #.##.####
...... #.##.. #..


You could see an endoplasm.

Vanquished Creatures
  4 endoplasms (D:1)
  2 goblins (D:1)
  2 hobgoblins (D:1)
  3 jackals (D:1)
  A kobold (D:1)
  A bat (D:1)
  3 rats (D:1)
16 creatures vanquished.

Notes
Turn   | Place    | Note
-------+----------+-------------------------------------------
     0 | D:1      | freelancePsychic the Kobold Wanderer began the quest for
                  | the Orb.
     0 | D:1      | freelancePsychic set off with the following items: a +2
                  | shortbow, a +0 ring mail; and the following spells
                  | available to memorise: Wereblood, Passwall
     0 | D:1      | Reached XP level 1. HP: 10/10 MP: 2/2
    58 | D:1      | Reached skill level 1 in Stealth
   104 | D:1      | Reached XP level 2. HP: 16/16 MP: 3/3
   111 | D:1      | Reached skill level 1 in Short Blades
   396 | D:1      | Reached skill level 1 in Fighting
   435 | D:1      | Frozen to death by an endoplasm

Illustrated notes

Levels and vault maps discovered:
D:1:      psy_arrival_radial01, layout_basic, hex_tiny

Skill      XL: |  1  2 |
---------------+-------+-----
Stealth        | 1 |  1.6
Short Blades   | 1 |  1.8
Fighting       | 1 |  1.1
Bows           | |  2.0
Throwing       | |  1.1
Armour         | |  3.2
Spellcasting   | |  1.1
Transmutations | |  2.0

Action                   || total
-------------------------++-------
 Fire: Shortbow          ||    28
Armor: Ring mail         ||     2
Dodge: Dodged            ||     8

Table legend: (Time is in decaauts)
 A = Elapsed time spent in this place.
 B = Non-inter-level travel time spent in this place.
 C = Inter-level travel time spent in this place.
 D = Time resting spent in this place.
 E = Time spent auto-exploring this place.
 F = Levels seen in this place.
 G = Mean time per level.
                   A        B        C        D        E       F      G
               +--------+--------+--------+--------+--------+-----+--------+
         Total |    449 |    449 |      0 |      0 |    376 |   1 |  449.0 |
       Dungeon |    449 |    449 |      0 |      0 |    376 |   1 |  449.0 |
               +--------+--------+--------+--------+--------+-----+--------+

Top non-repeatable levels by time:
     D:1: 449 daAuts
